AoeStats
← Wolf Slayer

Coastal Forest

510770921Analyzed
4v4 RM · 22h ago on Oct 2, 2026· 26m 39s· 8 players
Game mode
Random Map
Map size
Large (8 player)
Population
200
Speed
Normal
Resources
Standard
Victory
Conquest
Starting age
Dark Age
Ending age
Imperial Age
RankedLock teamsTeams togetherTeam positionsShared explorationLock speedFull tech treeHidden civsTurbo modeCheats
Victory
Defeat
🇻🇳 Goths · Vietnam
1588
+14
🇲🇴 Wei · Macao SAR China
1535
+16
🇭🇰 Huns · Hong Kong SAR China
1513
+17
🇨🇳 Varangians · China
1488
+18
🇨🇳 Bengalis · China
1590
-18
🇬🇧 Huns · United Kingdom
1587
-18
🇫🇷 Ethiopians · France
1506
-15
🇨🇳 Magyars · China
1479
-14
屁屁人
6:50 Loom
10:04 Feudal Age
10:40 Double-Bit Axe
13:31 Bloodlines
14:03 Horse Collar
17:53 Forging
18:28 Scale Barding Armor
25:10 Castle Age
23:27 Gold Mining
24:19 Stone Mining
26:22 Bow Saw
27:52 Wheelbarrow
27:03 Town Watch
Monreson
2:20 Loom
9:31 Feudal Age
13:12 Fletching
17:06 Padded Archer Armor
19:46 Wheelbarrow
25:02 Castle Age
25:43 Double-Bit Axe
25:21 Crossbowman
26:00 Bodkin Arrow
26:01 Horse Collar
漂泊者
5:23 Loom
8:26 Feudal Age
13:45 Double-Bit Axe
17:36 Wheelbarrow
18:11 Forging
18:08 Scale Barding Armor
19:21 Forging
20:55 Bloodlines
20:51 Horse Collar
27:26 Castle Age
25:49 Gold Mining
ChangT
3:29 Loom
11:13 Feudal Age
12:32 Double-Bit Axe
15:15 Castle Age
14:09 Gold Mining
15:04 Loom
16:08 Medium Warships
16:11 Bow Saw
16:46 Town Watch
17:22 Fishing Lines
18:31 Wheelbarrow
20:44 Horse Collar
24:40 Hand Cart
27:13 Careening
27:23 Siphons
Wolf Slayer
3:43 Loom
10:17 Feudal Age
13:01 Double-Bit Axe
17:30 Fletching
20:12 Horse Collar
Half_59
6:58 Loom
9:19 Feudal Age
10:23 Double-Bit Axe
13:22 Fletching
13:38 Horse Collar
17:36 Padded Archer Armor
22:50 Castle Age
21:34 Gold Mining
22:58 Crossbowman
23:33 Bodkin Arrow
吞风吻雨
5:21 Loom
5:27 Loom
6:41 Loom
9:22 Feudal Age
9:54 Double-Bit Axe
9:51 Horse Collar
14:32 Scale Barding Armor
20:57 Bloodlines
26:05 Castle Age
25:08 Gold Mining
26:09 Light Cavalry
27:12 Chain Barding Armor
Sandwich
11:23 Feudal Age
12:06 Double-Bit Axe
14:15 Loom
15:16 Fletching
17:50 Castle Age
19:02 Medium Warships
19:12 Bodkin Arrow
21:33 Clinker Construction
21:34 Careening
22:04 Bow Saw
Connection lost

Rejoining the realm…

Still unreachable

The connection could not be restored.

Session expired

The server has moved on; the page needs a fresh start.